 Dungeon Crawl Stone Soup version 0.30.1-11-g7821555f0a (webtiles) character file.

Game seed: 14966788971897315593

9 andronian the Covered (level 2, 0/19 HPs)
             Began as a Tengu Fighter on Nov 26, 2023.
             Succumbed to a kobold's poison
             ... on level 1 of the Dungeon.
             The game lasted 00:00:25 (283 turns).

andronian the Covered (Tengu Fighter)                Turns: 283, Time: 00:00:26

Health: 0/19       AC:  6    Str: 16    XL:     2   Next: 12%
Magic:  3/3        EV:  8    Int:  8    God:
Gold:   22         SH:  4    Dex: 13    Spells: 1/1 levels left

rFire   . . .        a - +0 trident
rCold   . . .        c - +0 buckler
rNeg    . . .        b - +0 scale mail
rPois   .            (helmet restricted)
rElec   .            (no cloak)
rCorr   .            (no gloves)
SInv    .            (boots unavailable)
Will    .....        (no amulet) Stlth
                     (no ring)
HPRegen 0.23/turn    (no ring)
MPRegen 0.08/turn

%: no passive effects
@: lethally poisoned (0 -> -5)
A: beak, talons 3
a: no special abilities


You were on level 1 of the Dungeon.
You visited 1 branch of the dungeon, and saw 1 of its levels.

You collected 22 gold pieces.

Inventory:

Hand Weapons
 a - a +0 trident (weapon)
Armour
 b - a +0 scale mail (worn)
 c - a +0 buckler (worn)
Scrolls
 e - a scroll of teleportation {unknown}
 g - a scroll of enchant weapon {unknown}
 i - a scroll of identify {unknown}
Potions
 d - a potion of might
 f - a potion of curing {unknown}
 h - a potion of attraction {unknown}


   Skills:
 + Level 3.1 Fighting
 * Level 2.6 Polearms
 + Level 3.4 Armour
 - Level 3.0 Shields


You had one spell level left.
You didn't know any spells.
Your spell library was empty.

Dungeon Overview and Level Annotations

Branches:
Dungeon (1/15)

Altars:


Innate Abilities, Weirdness & Mutations

You have a beak for a mouth.
You have claws for feet.


Message History

You block the bat's attack. The bat hits you but does no damage. x2
You hit the bat.
You kill the bat!
No target in view!
i - a scroll labelled HODOXE BOSA
Found a pair of gloves.
You see here a +0 pair of gloves.
A kobold comes into view. It is wielding a +0 dagger of venom.
You reach to attack!
You barely miss the kobold. The kobold hits you but does no damage.
You hit the kobold but do no damage. Your peck misses the kobold.
The kobold completely misses you. The kobold hits you but does no damage.
You closely miss the kobold. The kobold barely misses you.
You barely miss the kobold. The kobold barely misses you.
You hit the kobold. You claw the kobold, but do no damage.
The kobold is moderately wounded.
You block the kobold's attack.
You barely miss the kobold. Your kick misses the kobold.
Your peck misses the kobold.
The kobold is moderately wounded.
You block the kobold's attack.
The kobold hits you with a +0 dagger of venom.
You are poisoned.
You closely miss the kobold. Your kick misses the kobold.
Your peck misses the kobold.
The kobold is moderately wounded.
You feel very sick.
The kobold hits you with a +0 dagger of venom.
You are lethally poisoned!
You barely miss the kobold. You peck the kobold.
You kill the kobold!
You feel very sick.
* * * LOW HITPOINT WARNING * * *
You feel sick.
You see here a +0 dagger of venom.
* * * LOW HITPOINT WARNING * * *
You feel sick.
* * * LOW HITPOINT WARNING * * *
You feel sick.
You die...

#.#######
#.....).#
#.#######.#
#........@#######
....####.........
. #.######## #.#
#...# #.###.#.#
..# #..[..#.#
...#
#######.#....#
#.#....##
#.#.....


There were no monsters in sight!

Vanquished Creatures
  2 bats (D:1)
  A giant cockroach (D:1)
  A hobgoblin (D:1)
  2 goblins (D:1)
  A kobold (D:1)
  A rat (D:1)
8 creatures vanquished.

Notes
Turn   | Place    | Note
-------+----------+-------------------------------------------
     0 | D:1      | andronian the Tengu Fighter began the quest for the Orb.
     0 | D:1      | Reached XP level 1. HP: 14/14 MP: 2/2
   233 | D:1      | Reached XP level 2. HP: 19/19 MP: 3/3
   283 | D:1      | Succumbed to a kobold's poison

Illustrated notes

Levels and vault maps discovered:
D:1:      wheals_arrival_linesprint, layout_basic, minivault_25

Action                     || total
---------------------------++-------
  Melee: Trident           ||    29
         Kick              ||     4
         Peck              ||     2
 Armour: Scale mail        ||    13
  Dodge: Dodged            ||    14
  Block: Buckler           ||     4
